 Dungeon Crawl Stone Soup version 0.26.1-11-gd32895ea62 (webtiles) character file.

Game seed: 14553495494660817821

159 H0rd4k the Insei (level 5, -1/33 HPs)
             Began as an Octopode Transmuter on Apr 30, 2021.
             Slain by a sickly merfolk siren
             ... wielding a +0 spear
              (5 damage)
             ... in a sewer.
             The game lasted 00:04:38 (4123 turns).

H0rd4k the Insei (Octopode Transmuter)              Turns: 4123, Time: 00:04:39

Health: -1/33      AC:  1    Str:  7 (9)  XL:     5   Next: 40%
Magic:  7/8        EV: 13    Int: 14 (16) God:
Gold:   183        SH:  0    Dex: 11 (13) Spells: 7/8 levels left

rFire    . . .     SeeInvis .     - Unarmed
rCold    . . .     Faith    .   (no shield)
rNeg     . . .     Spirit   .   (helmet currently unavailable)
rPois    .         Reflect  .   (no amulet)
rElec    .         Harm     .   (no ring)
rCorr    .         Rampage  .   (no ring)
Will     .....                  (no ring)
Stlth    +++.......             (no ring)
HPRegen  0.11/turn              (no ring)
MPRegen  0.11/turn              (no ring)
                                (no ring)
                                (no ring)

@: appendages, mesmerised
A: almost no armour, stealthy swim, amphibious, 8 rings, constrict 8, tentacle
spike 3, camouflage 1, gelatinous body 1
a: End Transformation


You were in a sewer.
One of your tentacles had a temporary spike.
You visited 1 branch of the dungeon, and saw 4 of its levels.
You also visited: Sewer.

You collected 183 gold pieces.

Inventory:

Magical Staves
 o - an uncursed staff of death
Scrolls
 a - 3 scrolls of remove curse {unknown}
 b - 2 scrolls of fog {unknown}
 c - 3 scrolls of identify {unknown}
 g - 3 scrolls of enchant armour {unknown}
 h - 4 scrolls of teleportation {unknown}
 i - a scroll of random uselessness {unknown}
 j - a scroll of blinking {unknown}
 l - a scroll of magic mapping {unknown}
Potions
 d - a potion of attraction {unknown}
 e - a potion of flight {unknown}
 f - 2 potions of degeneration
 k - 2 potions of cancellation {unknown}
 m - 3 potions of lignification {unknown}
 n - a potion of ambrosia {unknown}
 p - 2 potions of brilliance {unknown}


   Skills:
 + Level 1.4 Fighting
 + Level 2.6 Dodging
 + Level 2.3 Stealth
 + Level 4.7 Unarmed Combat
 + Level 2.2 Spellcasting
 + Level 2.3 Transmutations


You had 7 spell levels left.
You knew the following spells:

 Your Spells              Type           Power        Failure   Level
a - Beastly Appendage     Tmut           16%          9%          1

Your spell library contained the following spells:

 Spells                   Type           Power        Failure   Level
 Wereblood                Tmut           8%           14%         2
 Spider Form              Tmut/Pois      2%           41%         3
 Ice Form                 Ice/Tmut       4%           82%         4
 Blade Hands              Tmut           4%           94%         5


Dungeon Overview and Level Annotations

Branches:
Dungeon (4/15)              Sewer (1/1)
 Temple: D:4-7

Altars:
Dithmenos
Makhleb

Shops:
D:4 [

Annotations:
D:3 Purgy
D:4 exclusion: upstairs


Innate Abilities, Weirdness & Mutations

You cannot wear most types of armour.
You are very stealthy in the water. (Stealth+)
You are amphibious.
You can wear up to eight rings at the same time.
You can use your tentacles to constrict eight enemies at once.
Your skin changes colour to match your surroundings (Stealth+).
Your rubbery body absorbs attacks. (AC +1, EV +1)
One of your tentacles bears a large vicious spike.


Message History

You kill the river rat!
The sickly merfolk siren chants its luring song.
You tentacle-slap the ball python. Your grab misses the ball python.
Your tentacle spike misses the ball python.
The ball python is moderately wounded.
The ball python completely misses you. The ball python closely misses you.
You barely miss the ball python. You grab the ball python.
The ball python is moderately wounded.
You constrict the ball python.
You kill the ball python!
The sickly merfolk siren hits you from afar with a +0 spear!
* * * LOW HITPOINT WARNING * * *
Unknown command.
You aren't carrying any items that you can evoke.
Unknown command.
It was a potion of degeneration.
There was something very wrong with that liquid.
You feel weakened.
You feel dopey.
You feel clumsy.
The sickly merfolk siren hits you from afar with a +0 spear.
You die...

###≈≈≈.#####
#∩∩≈≈≈≈..†..
############
##########≈†≈≈≈≈≈≈≈ $
#≈≈≈≈≈≈≈≈≈≈≈≈≈≈..≈.
rr
###≈≈≈#############..
###≈###≈≈≈#.# ###
≈≈≈≈≈≈r≈m##.#
≈≈≈≈≈.rrSl@.# ##
≈≈≈...####### #)
≈≈... ## ...# ##


You could see a sickly merfolk siren (mesmerising), a ball python, a frilled
lizard and 3 rats.

Vanquished Creatures
  A merfolk siren (Sewer)
  Robin (D:3)
  2 adders
  2 river rats
  A dart slug (D:1)
  4 leopard geckos
  An orc (D:4)
  4 bats
  3 giant cockroaches
  13 goblins
  17 hobgoblins
  5 kobolds
  6 ball pythons
  5 frilled lizards
  16 rats
81 creatures vanquished.

Vanquished Creatures (others)
  A hobgoblin (D:2)
  A bat (D:2)
2 creatures vanquished.

Grand Total: 83 creatures vanquished

Notes
Turn   | Place    | Note
-------+----------+-------------------------------------------
     0 | D:1      | H0rd4k the Octopode Transmuter began the quest for the Orb.
     0 | D:1      | Reached XP level 1. HP: 13/13 MP: 3/3
    80 | D:1      | Reached XP level 2. HP: 5/18 MP: 5/5
   954 | D:1      | Reached XP level 3. HP: 23/23 MP: 6/6
  1425 | D:1      | Found a burning altar of Makhleb.
  1481 | D:2      | Reached skill level 4 in Unarmed Combat
  2000 | D:2      | Reached skill level 1 in Stealth
  2000 | D:2      | Reached XP level 4. HP: 12/28 MP: 5/7
  2451 | D:3      | Noticed Robin
  2903 | D:3      | Killed Robin
  3339 | D:3      | Noticed Purgy
  3449 | D:3      | Found a shadowy altar of Dithmenos.
  3669 | D:4      | Found a glowing drain.
  3669 | D:4      | Found Ciycw's Armour Boutique.
  3726 | D:4      | Reached XP level 5. HP: 2/33 MP: 6/8
  3857 | Sewer    | Entered a sewer
  4123 | Sewer    | Slain by a sickly merfolk siren

Illustrated notes

Levels and vault maps discovered:
D:1:      dpeg_arrival_lava_altar, layout_basic, chequers_serial_rivers_micro_c
D:2:      layout_rooms, lemuel_old_faithful
D:3:      layout_rooms, lemuel_coloured_pillars_altar,
          chequers_ecumenical_altar_grove, uniq_robin, uniq_purgy
D:4:      layout_basic, marbit_many_paths, minmay_temple_entry_sparse_star,
          portal_sewer_entry_a, serial_shops, shop, st_stairs_2
Sewer:    sewer_sea

Skill      XL: |  1  2  3  4 |
---------------+-------------+-----
Unarmed Combat | 4 |  4.7
Stealth        | 1 2 |  2.3
Fighting       | |  1.4
Dodging        | |  2.6
Spellcasting   | |  2.2
Transmutations | |  2.3

Action                   |  1- 3 |  4- 6 || total
-------------------------+-------+-------++-------
Melee: Unarmed           |   111 |    99 ||   210
       Constrict         |    26 |    27 ||    53
       Tentacles         |    14 |     8 ||    22
       Punch             |     1 |       ||     1
       Kick              |     3 |    13 ||    16
       Staff             |       |     1 ||     1
 Cast: Beastly Appendage |     1 |     7 ||     8
  Use: Potion            |       |     1 ||     1
 Stab: Sleeping          |     3 |     6 ||     9
Armor: Skin              |     6 |     5 ||    11
Dodge: Dodged            |    68 |    64 ||   132
